 Dungeon Crawl Stone Soup version 0.29-a0-972-g43c84944fd (webtiles) character file.

Game seed: 13011613216687781832

58 Jinxiw the Covered (level 4, -19/37 HPs)
             Began as a Barachi Fighter on July 30, 2022.
             Killed by an exploding Grinder (28 damage)
             ... while paralysed by Grinder
             ... ignited by their inner flame
             ... on level 3 of the Dungeon.
             The game lasted 00:16:50 (2069 turns).

Jinxiw the Covered (Barachi Fighter)                Turns: 2069, Time: 00:16:50

Health: -19/37     AC:  7    Str: 19    XL:     4   Next: 1%
Magic:  4/4        EV:  2    Int:  8    God:
Gold:   122        SH:  0    Dex: 12    Spells: 3/3 levels left

rFire   . . .      SeeInvis .   a - +0 trident
rCold   . . .      Faith    .   c - +0 buckler
rNeg    . . .      Spirit   .   b - +0 scale mail
rPois   .          Reflect  .   (no helmet)
rElec   .          Harm     .   (no cloak)
rCorr   +          Rampage  .   (no gloves)
Will    .....                   (no boots)
Stlth   ..........              g - amulet of regeneration
HPRegen 0.92/turn               m - ring of resist corrosion
MPRegen 0.09/turn               s - +4 ring of evasion

@: paralysed, slow
A: amphibious, slowness 1, strong legs 1, +LOS
a: Hop


You were on level 3 of the Dungeon.
You visited 1 branch of the dungeon, and saw 3 of its levels.

You collected 122 gold pieces.

Inventory:

Hand Weapons
 a - a +0 trident (weapon)
 i - a +0 dagger {idk}
 j - a +0 sling
 k - a +0 mace
Armour
 b - a +0 scale mail (worn)
 c - a +0 buckler (worn)
 e - a +0 ring mail
 o - a +0 plate armour
Jewellery
 g - an amulet of regeneration (around neck)
 m - a ring of resist corrosion (left hand)
 s - a +4 ring of evasion (right hand)
Scrolls
 f - a scroll of immolation
 h - 3 scrolls of enchant armour {unknown}
 l - a scroll of identify {unknown}
 q - a scroll of vulnerability {unknown}
Potions
 d - a potion of might
 n - a potion of cancellation {unknown}
 p - a potion of lignification {unknown}
 r - a potion of attraction {unknown}
 t - a potion of degeneration {unknown}


   Skills:
 + Level 4.0 Fighting
 + Level 2.7 Polearms
 + Level 4.4 Armour
 + Level 0.8 Dodging
 + Level 3.6 Shields


You had 3 spell levels left.
You didn't know any spells.
Your spell library contained the following spells:

 Spells                   Type           Power      Damage    Failure   Level
 Portal Projectile        Hex/Tloc       0%         N/A       99%         3
 Tukima's Dance           Hex            0%         N/A       99%         3
 Blade Hands              Tmut           0%         N/A       100%        5


Dungeon Overview and Level Annotations

Branches:
Dungeon (3/15)

Altars:


Innate Abilities, Weirdness & Mutations

You are amphibious.
You cover ground slowly.
You can hop short distances.
You have an extended range of vision and can be seen from far away.


Message History

Grinder says, "Are you a fish?"
You closely miss Grinder.
Grinder is lightly wounded.
Grinder hits you.
You writhe in agony.
You closely miss Grinder.
Grinder is lightly wounded.
Grinder hits you.
You writhe in agony.
Grinder barely misses you.
You puncture Grinder!
Grinder is moderately wounded.
Grinder gestures at you.
You suddenly lose the ability to move!
Grinder hits you. x2
You writhe in agony.
Grinder hits you!
* * * LOW HITPOINT WARNING * * *
You writhe in agony.
* * * LOW HITPOINT WARNING * * *
You can move again.
As you read the scroll of immolation, it crumbles to dust.
The creatures around you are filled with an inner flame!
You block Grinder's attack.
You don't know any spells.
You don't know any spells.
You hit Grinder but do no damage.
Grinder is moderately wounded.
Grinder closely misses you.
You hit Grinder.
Flame seeps out of Grinder.
Grinder is moderately wounded.
Grinder is engulfed in blazing flames.
Flame seeps out of Grinder.
Grinder misses you.
You closely miss Grinder.
Grinder is severely wounded.
Grinder is engulfed in blazing flames.
Flame seeps out of Grinder.
Grinder gestures at you.
You suddenly lose the ability to move!
Grinder is engulfed in blazing flames.
Grinder explodes!
The fiery explosion engulfs you!!
Ouch! That really hurt!
You die...

#..).# ##+##
##.### ### .## #.#
#.. ..# #.# #.#
#.# #.# #.# #.##
##.## #.# #..
#...# #.# #.#
#.#.######.#####.#
#...........°@...#
##########.#####.#
#... ..# #########


There were no monsters in sight!

Vanquished Creatures
  Grinder (D:3)
  An adder (D:2)
  2 worms (D:3)
  A dart slug (D:1)
  4 bats
  5 endoplasms
  2 giant cockroaches
  4 goblins
  2 quokkas
  4 ball pythons
  2 frilled lizards
  9 kobolds (D:2)
  3 rats
40 creatures vanquished.

Vanquished Creatures (others)
  6 toadstools (D:2)
6 creatures vanquished.

Grand Total: 46 creatures vanquished

Notes
Turn   | Place    | Note
-------+----------+-------------------------------------------
     0 | D:1      | Jinxiw the Barachi Fighter began the quest for the Orb.
     0 | D:1      | Reached XP level 1. HP: 18/18 MP: 1/1
   139 | D:1      | Found a faded altar of an unknown god.
   377 | D:1      | Reached XP level 2. HP: 25/25 MP: 2/2
   755 | D:2      | Reached XP level 3. HP: 23/30 MP: 3/3
  1994 | D:3      | Reached XP level 4. HP: 37/37 MP: 4/4
  2035 | D:3      | Noticed Grinder
  2061 | D:3      | Paralysed by Grinder for 4 turns
  2068 | D:3      | Paralysed by Grinder for 2 turns
  2069 | D:3      | Killed Grinder
  2069 | D:3      | Killed by an exploding Grinder... ignited by their inner
                  | flame

Illustrated notes

Levels and vault maps discovered:
D:1:      shiori_arrival_maze, layout_basic, hellmonk_ecumenical_altar_blasted
D:2:      cheibrodos_fertilizer, layout_basic
D:3:      layout_loops_corners, gammafunk_temple_overflow_statue, uniq_grinder

Skill      XL: |  1  2  3 |
---------------+----------+-----
Armour         | 4 |  4.4
Fighting       | 4 |  4.0
Polearms       | |  2.7
Dodging        | |  0.8
Shields        | |  3.6

Action                   |  1- 3 |  4- 6 || total
-------------------------+-------+-------++-------
Melee: Trident           |   132 |    15 ||   147
 Abil: Hop               |     1 |       ||     1
  Use: Scroll            |       |     1 ||     1
Armor: Scale mail        |   105 |     2 ||   107
Dodge: Dodged            |   103 |     8 ||   111
Block: Buckler           |    62 |     3 ||    65

Table legend: (Time is in decaauts)
 A = Elapsed time spent in this place.
 B = Non-inter-level travel time spent in this place.
 C = Inter-level travel time spent in this place.
 D = Time resting spent in this place.
 E = Time spent auto-exploring this place.
 F = Levels seen in this place.
 G = Mean time per level.
                   A        B        C        D        E       F      G
               +--------+--------+--------+--------+--------+-----+--------+
         Total |   2468 |   2457 |     11 |      0 |      0 |   3 |  822.7 |
       Dungeon |   2468 |   2457 |     11 |      0 |      0 |   3 |  822.7 |
               +--------+--------+--------+--------+--------+-----+--------+

Top non-repeatable levels by time:
     D:3: 887 daAuts
     D:2: 862 daAuts
     D:1: 718 daAuts
